 Dungeon Crawl Stone Soup version 0.23.1 (webtiles) character file.

Game seed: 10694953162848685066

1355 Marnok the Chopper (level 8, -4/61 HPs)
             Began as a Human Fighter on Mar 17, 2019.
             Was an Initiate of Wu Jian.
             Slain by a killer bee (7 damage)
             ... on level 8 of the Dungeon.
             The game lasted 00:30:05 (5617 turns).

Marnok the Chopper (Human Fighter)                  Turns: 5617, Time: 00:30:05

Health: -4/61      AC: 14    Str: 18 (19) XL:     8   Next: 95%
Magic:  8/8        EV:  8    Int: 12 (13) God:    Wu Jian [......]
Gold:   517        SH: 11    Dex: 11 (13) Spells: 7/7 levels left

rFire    + . .     SeeInvis .   o - +0 hand axe (elec)
rCold    + . .     Gourm    .   d - +2 shield "Qaw Xol" {rC+ Slay+3 Stlth+}
rNeg     . . .     Faith    .   b - +0 scale mail
rPois    .         Spirit   .   e - +1 helmet
rElec    .         Reflect  .   (no cloak)
rCorr    .         Harm     .   m - +2 pair of gloves
MR       .....                  t - +0 pair of boots
Stlth    +.........             I - amulet of the acrobat
HPRegen  0.20/turn              g - ring of protection from fire
MPRegen  0.11/turn              s - +5 ring of intelligence

@: about to teleport
A: no striking features
a: Renounce Religion


You were on level 8 of the Dungeon.
You worshipped Wu Jian.
Wu Jian was noncommittal.
You were not hungry.

You visited 1 branch of the dungeon, and saw 8 of its levels.

You collected 892 gold pieces.
You paid 375 gold pieces to Gozag.

Inventory:

Hand Weapons
 a - a +2 war axe
 o - a +0 hand axe of electrocution (weapon)
 u - a +1 whip of flaming
 v - a +0 trident of venom
 E - a +4 whip of flaming
 G - a +0 whip of draining
Missiles
 C - 4 tomahawks (quivered)
Armour
 b - a +0 scale mail (worn)
 c - a +0 shield
 d - the +2 shield "Qaw Xol" (worn) {rC+ Slay+3 Stlth+}
   (You acquired it on level 5 of the Dungeon)

   It affects your accuracy and damage with ranged weapons and melee attacks
   (+3).
   It protects you from cold.
   It makes you more stealthy.
 e - a +1 helmet (worn)
 m - a +2 pair of gloves (worn)
 t - a +0 pair of boots (worn)
Jewellery
 g - a ring of protection from fire (left hand)
 i - a cursed -3 ring of intelligence
 k - a +2 ring of intelligence
 q - a cursed +3 ring of slaying {unknown}
 s - a +5 ring of intelligence (right hand)
 x - an uncursed ring of magical power {unknown}
 I - an amulet of the acrobat (around neck)
Wands
 H - a wand of flame (22)
Scrolls
 n - a scroll of noise
 p - 4 scrolls of remove curse
 y - 2 scrolls of amnesia
Potions
 h - 3 potions of magic
 j - 2 potions of ambrosia
 r - a potion of heal wounds {unknown}
 B - a potion of resistance {unknown}
 F - a potion of mutation {unknown}
Comestibles
 f - 6 rations


   Skills:
 + Level 4.9 Fighting
 + Level 7.0 Axes
 + Level 5.3 Armour
 + Level 2.6 Dodging
 + Level 1.4 Stealth
 + Level 4.6 Shields


You had 7 spell levels left.
You didn't know any spells.
Your spell library was empty.

Dungeon Overview and Level Annotations

Branches:
Dungeon (8/15)             Temple (0/1) D:7
   Lair: D:8-11

Altars:
Gozag
Wu Jian

Shops:
D:5 }


Message History

The killer bee closely misses you. The killer bee stings you.
* * * LOW HITPOINT WARNING * * *
You are poisoned.
The killer bee poisons you! The killer bee closely misses you.
You feel sick. The killer bee misses you. You block the killer bee's attack.
The killer bee stings you.
* * * LOW HITPOINT WARNING * * *
You feel better. You block the killer bee's attack. The killer bee stings you.
* * * LOW HITPOINT WARNING * * *
The killer bee stings you.
* * * LOW HITPOINT WARNING * * *
The killer bee stings you but does no damage.
The killer bee stings you.
* * * LOW HITPOINT WARNING * * *
The killer bee barely misses you.
As you read the scroll of teleportation, it crumbles to dust.
You feel strangely unstable. You block the killer bee's attack. x2
The killer bee closely misses you. The killer bee stings you!
You die...

... ##... #...# ....
.. . ##..# ..#
#...##..# ..
##########.#.....# ..
#.....@yF......... ..
#.≈≈≈≈yy≈...........
..
#..≈#####≈../.........
. #.. #≈$..........##
# #≈......#..oo.##
#≈.....###.....#
#≈.(...#........
≈≈............o.
.........#.....).


You could see a bullfrog and 3 killer bees.

Vanquished Creatures
  3 ice beasts
  The ghost of BorisKarlOrff the Poker, an amateur MfGl (D:3)
  A centaur (D:6)
  A bullfrog (D:7)
  A water moccasin skeleton (D:6)
  5 howler monkeys
  2 crimson imps
  2 hounds
  An orc priest (D:7)
  2 orc wizards (D:7)
  An iguana (D:6)
  5 worker ants
  A worker ant zombie (D:7)
  Robin (D:2)
  5 adders
  8 gnolls
  An ooze (D:1)
  2 worms
  5 leopard geckos
  18 orcs
  3 bats
  2 giant cockroaches
  13 goblins
  9 hobgoblins
  3 jackals (D:7)
  A quokka (D:5)
  2 ball pythons
  4 frilled lizards
  6 kobolds
  12 rats
121 creatures vanquished.

Notes
Turn   | Place    | Note
-------+----------+-------------------------------------------
     0 | D:1      | Marnok the Human Fighter began the quest for the Orb.
     0 | D:1      | Reached XP level 1. HP: 18/18 MP: 1/1
   256 | D:1      | Reached XP level 2. HP: 23/24 MP: 2/2
   649 | D:1      | Reached XP level 3. HP: 29/29 MP: 3/3
  1101 | D:2      | Found an opulent altar of Gozag.
  1124 | D:2      | Became a worshipper of Gozag Ym Sagoz the Greedy
  1185 | D:2      | Reached skill level 1 in Dodging
  1185 | D:2      | Reached XP level 4. HP: 33/35 MP: 4/4
  1382 | D:2      | Noticed Robin
  1396 | D:2      | Killed Robin
  1396 | D:2      | Reached skill level 3 in Axes
  1651 | D:3      | Reached XP level 5. HP: 30/41 MP: 5/5
  2068 | D:4      | Found an ornate altar of the Wu Jian Council.
  2078 | D:5      | Entered Level 5 of the Dungeon
  2086 | D:5      | Noticed an ice beast
  2109 | D:5      | Killed an ice beast
  2109 | D:5      | Reached skill level 4 in Axes
  2109 | D:5      | Reached XP level 6. HP: 17/48 MP: 6/6
  2424 | D:5      | Noticed an ice beast
  2447 | D:5      | Killed an ice beast
  2447 | D:5      | Reached XP level 7. HP: 39/53 MP: 7/7
  2502 | D:6      | Reached skill level 5 in Axes
  2794 | D:4      | Reached XP level 8. HP: 56/61 MP: 8/8
  3377 | D:3      | Found a runed translucent door.
  3386 | D:3      | Noticed BorisKarlOrff's ghost (amateur MfGl)
  3400 | D:3      | Killed BorisKarlOrff's ghost
  3400 | D:3      | Reached skill level 6 in Axes
  3505 | D:4      | Fell from the grace of Gozag
  3685 | D:5      | Found Qiegregeps's Gadget Shoppe.
  4435 | D:4      | Became a worshipper of the Wu Jian Council
  4517 | D:5      | Identified a scroll of acquirement
  4518 | D:5      | Got a pitted shield
  4529 | D:5      | Identified the +2 shield "Qaw Xol" {rC+ Slay+3 Stlth+} (You
                  | acquired it on level 5 of the Dungeon)
  4682 | D:7      | Found a staircase to the Ecumenical Temple.
  5200 | D:7      | Reached skill level 1 in Stealth
  5308 | D:7      | Reached skill level 5 in Armour
  5588 | D:8      | Reached skill level 7 in Axes
  5615 | D:8      | HP: 3/61 [killer bee (4)]
  5617 | D:8      | Slain by a killer bee

Skill      XL: |  1  2  3  4  5  6  7  8 |
---------------+-------------------------+-----
Dodging        | 1 2 |  2.6
Axes           | 3 4 5 7 |  7.0
Armour         | 4 5 |  5.3
Shields        | 4 |  4.6
Fighting       | 4 |  4.9
Stealth        | 1 |  1.4

Action                   |  1- 3 |  4- 6 |  7- 9 || total
-------------------------+-------+-------+-------++-------
Melee: War axe           |   101 |   138 |   132 ||   371
       Hand axe          |       |       |    59 ||    59
Invok: Potion Petition   |       |     1 |     1 ||     2
       Lunge             |       |       |     5 ||     5
       Renounce Religion |       |       |     1 ||     1
  Use: Scroll            |     5 |     1 |    13 ||    19
       Potion            |       |     3 |     7 ||    10
 Stab: Distracted        |       |       |     1 ||     1
  Eat: Chunk             |     1 |       |     4 ||     5
       Ration            |       |     1 |     2 ||     3
Armor: Scale mail        |    63 |    71 |    74 ||   208
Dodge: Dodged            |    38 |    41 |    78 ||   157
Block: Shield            |    53 |    58 |    96 ||   207
